[Event "*** Titled Tuesday Blitz"]
[Site "Chess.com"]
[Date "2018.10.02"]
[Round "6"]
[White "hurricane7791"]
[Black "FMJoseHerrera"]
[Result "1-0"]
[WhiteElo "2693"]
[BlackElo "2514"]
[TimeControl "180+2"]
[EndTime "14:18:33 PDT"]
[Termination "hurricane7791 won by checkmate"]

1. e4 c5 2. Nf3 e6 3. d4 cxd4 4.
Nxd4 a6 5. Nc3 Qc7 6. f4 b5 7. a3 Bb7 8. Bd3 d6 9. Qe2 Nd7 10. Bd2 Ngf6 11. O-O h5 12. Kh1 h4 13. Rae1 h3 14. g4 Be7 15. g5 Nh5 16. g6 Nc5 17. gxf7+ Kxf7 18. Rg1 Bf6 19. Nf3 Rac8 20. Rg4 Qc6 21. Kg1 d5 22. exd5 exd5 23. Bg6+ Kf8 24.
Ne5 Qb6 25. Be3 Qe6 26. Bxc5+ Kg8 27. Bf7+ Qxf7 28. Nxf7 Kxf7 29. Qe6# 1-0

[Event "*** Titled Tuesday Blitz"]
[Site "Chess.com"]
[Date "2018.10.02"]
[Round "6"]
[White "BocharovD"]
[Black "Maikrosoft63"]
[Result "1-0"]
[WhiteElo "2784"]
[BlackElo "2558"]
[TimeControl "180+2"]
[EndTime "14:18:36 PDT"]
[Termination "BocharovD won by resignation"]

1. c4 e6 2. Nf3 Nf6 3. g3 a6 4.
Bg2 b5 5. b3 Bb7 6. O-O c5 7.
Nc3 Qb6 8. e3 d6 9. Qe2 Nbd7 10.
Rd1 b4 11. Na4 Qc7 12. d4 Be7 13. Bb2 O-O 14. Ne1 Bxg2 15. Nxg2 Rfd8 16. Nf4 a5 17. Qf3 Rac8 18. Rd2 Qc6 19. d5 Qb7 20. e4 e5 21.
Ng2 Nf8 22. Ne3 g6 23. Rf1 h5 24. Qg2 Re8 25. Re2 N8h7 26. f4 exf4 27. gxf4 Bf8 28.
e5 Nd7 29. e6 Ndf6 30. f5 g5 31. Bxf6 Nxf6 32. Qxg5+ Bg7 33. Rg2 1-0

[Event "*** Titled Tuesday Blitz"]
[Site "Chess.com"]
[Date "2018.10.02"]
[Round "6"]
[White "Lovkov_Roman"]
[Black "Alex_Terzi"]
[Result "1-0"]
[WhiteElo "2637"]
[BlackElo "2469"]
[TimeControl "180+2"]
[EndTime "14:18:38 PDT"]
[Termination "Lovkov_Roman won by resignation"]

1. d4 Nf6 2. c4 g6 3. Nc3 Bg7 4. e4 d6 5. h3 O-O 6. Be3 Nbd7 7. g4 c5 8. d5 a6 9. g5 Ne8 10. h4 b5 11. h5 Qa5 12. Bd2 b4 13. Na4 Nb6 14.
Nxb6 Qxb6 15. Rb1 b3 16. axb3 Rb8 17. Bh3 f5 18. gxf6 Nxf6 19. hxg6 Nxe4 20. Qh5 hxg6 21. Qxg6 Nxd2 22. Bxc8 Rfxc8 23. Rh7 1-0

[Event "*** Titled Tuesday Blitz"]
[Site "Chess.com"]
[Date "2018.10.02"]
[Round "6"]
[White "Sychev_Klementy"]
[Black "BasilSmash"]
[Result "1/2-1/2"]
[WhiteElo "2687"]
[BlackElo "2403"]
[TimeControl "180+2"]
[EndTime "14:18:43 PDT"]
[Termination "Game drawn by repetition"]

1. e4 c6 2. d4 d5 3. Nd2 dxe4 4. Nxe4 Bf5 5. Ng3 Bg6 6. Bc4 e6 7. h4 h6 8. N1e2 Nf6 9. Nf4 Bh7 10. O-O Bd6 11.
Re1 O-O 12. c3 Re8 13. Qf3 Nbd7 14. Bd3 Bxd3 15. Nxd3 Qc7 16. Nh5 Nxh5 17. Qxh5 e5 18. dxe5 Nxe5 19. Nxe5 Rxe5 20. Rxe5 Bxe5 21. Be3 Rd8 22.
Re1 Bf6 23. g3 a6 24. Qf3 Qd6 25. Kg2 Qd5 26. Bb6 Rd7 27. Qxd5 Rxd5 28. a4 h5 29. Re8+ Kh7 30. Rb8 Rd7 31. Kf3 Kg6 32. Ke4 Re7+ 33.
Kd3 Rd7+ 34. Ke4 Re7+ 35. Kf3 Kf5 36. Be3 Rd7 37. a5 g6 38. Ke2 Ke4 39. Re8+ Re7 40.
Rb8 Rd7 41. Re8+ Re7 42. Rb8 Rd7 1/2-1/2

[Event "*** Titled Tuesday Blitz"]
[Site "Chess.com"]
[Date "2018.10.02"]
[Round "6"]
[White "PaulfromSPb"]
[Black "FearNoEvil12"]
[Result "1-0"]
[WhiteElo "2514"]
[BlackElo "2031"]
[TimeControl "180+2"]
[EndTime "14:18:45 PDT"]
[Termination "PaulfromSPb won by checkmate"]

1. e4 a6 2. d4 b5 3. a4 b4 4.
Bd3 Bb7 5. Nf3 e6 6. O-O Nf6 7. Re1 d6 8. c3 bxc3 9. Nxc3 Nbd7 10. Qb3 Rb8 11. Qc2 h6 12. Bd2 g5 13. d5 e5 14. Be3 Nh5 15. Ne2 Nf4 16. Ng3 Bc8 17. Bf1 Nf6 18. Rac1 Rb7 19. Bxa6 Rxb2 20. Bb5+ Rxb5 21.
axb5 Bd7 22. Qxc7 Qxc7 23. Rxc7 Bxb5 24. Rb1 Kd8 25. Rxf7 Bd7 26. Rxf6 Be7 27. Rb8+ Bc8 28. Rf7 Re8 29. Nf5 Ng6 30. Nxd6 Bxd6 31. Bb6+ Bc7 32.
Bxc7# 1-0

[Event "*** Titled Tuesday Blitz"]
[Site "Chess.com"]
[Date "2018.10.02"]
[Round "6"]
[White "Zhuu96"]
[Black "farzadbfd"]
[Result "1-0"]
[WhiteElo "2888"]
[BlackElo "2539"]
[TimeControl "180+2"]
[EndTime "14:19:03 PDT"]
[Termination "Zhuu96 won by resignation"]

1. e4 e5 2. Nf3 Nc6 3. Bc4 Bc5 4.
d3 Nf6 5. Nbd2 a6 6. O-O d6 7. a4 Ba7 8. c3 O-O 9. b4 a5 10. b5 Ne7 11. Bb3 Ng6 12. Nc4 Nh5 13. Bg5 Qd7 14. d4 exd4 15. Nxd4 Nhf4 16. Nf5 Ne6 17.
Be3 Bxe3 18. fxe3 Nc5 19. Qd4 Ne6 20. Qd2 b6 21. h4 Bb7 22. h5 Ne7 23. Ne5 Qd8 24.
Nxf7 Rxf7 25. Bxe6 Bxe4 26. Bxf7+ Kxf7 27. Nxd6+ 1-0

[Event "*** Titled Tuesday Blitz"]
[Site "Chess.com"]
[Date "2018.10.02"]
[Round "6"]
[White "Perecke"]
[Black "josmito10"]
[Result "1-0"]
[WhiteElo "1984"]
[BlackElo "2721"]
[TimeControl "180+2"]
[EndTime "14:19:22 PDT"]
[Termination "Perecke won by resignation"]

1. e4 c5 2. Nf3 g6 3. d4 cxd4 4. Nxd4 Bg7 5. Nc3 Nc6 6. Be3 Nf6 7. Be2 O-O 8. Qd2 d5 9. exd5 Nxd5 10. Nxd5 Qxd5 11. Bf3 Qd7 12. Nxc6 bxc6 13. Qxd7 Bxd7 14.
O-O-O Be6 15. Bxc6 Rac8 16. Bd7 Rb8 17. b3 Bxd7 18.
Rxd7 a5 19. Rxe7 a4 20. Rd1 axb3 21. axb3 Rfc8 22. Kd2 Rb5 23. Rd7 Bf6 24. f4 h5 25.
Bd4 Bd8 26. Kc1 Rxb3 27. Rxd8+ Rxd8 28. cxb3 f5 29. b4 Kf7 30. b5 Ke6 31. b6 Rc8+ 32. Kb2 Kd5 33. b7 1-0

[Event "*** Titled Tuesday Blitz"]
[Site "Chess.com"]
[Date "2018.10.02"]
[Round "6"]
[White "TastyFrenchFries"]
[Black "kleinebeer98"]
[Result "1-0"]
[WhiteElo "2429"]
[BlackElo "2553"]
[TimeControl "180+2"]
[EndTime "14:19:30 PDT"]
[Termination "TastyFrenchFries won by resignation"]

1. Na3 d5 2. Nh3 Bxh3 3. gxh3 e5 4. c4 Nf6 5. Qb3 Nc6 6. Qxb7 Nb4 7. cxd5 Rb8 8. Qxa7 Ra8 9. Qb7 Rb8 10. Qa7 Ra8 11.
Qe3 Rxa3 12. Qxe5+ Be7 13. bxa3 Nc2+ 14. Kd1 Nxa1 15.
Bb2 Qd7 16. Bxa1 Qa4+ 17. Ke1 Qxa3 18. Qb2 Qa8 19. Qb5+ Kf8 20. Bg2 Qxa2 21. Bc3 g6 22. e4 Kg7 23. Ke2 Kh6 1-0

[Event "*** Titled Tuesday Blitz"]
[Site "Chess.com"]
[Date "2018.10.02"]
[Round "6"]
[White "MITerryble"]
[Black "kasparik_garik"]
[Result "1-0"]
[WhiteElo "2768"]
[BlackElo "2557"]
[TimeControl "180+2"]
[EndTime "14:19:38 PDT"]
[Termination "MITerryble won by resignation"]

1. d4 Nf6 2. Nf3 g6 3. Bg5 Bg7 4. Nbd2 O-O 5. c3 d6 6. e4 c5 7.
dxc5 dxc5 8. Bc4 Nc6 9. Qe2 Qc7 10. O-O Ng4 11. h3 Nge5 12. Bb3 Nxf3+ 13. Nxf3 a5 14. a4 b6 15. Bc4 Bb7 16. Rad1 h6 17.
Bh4 Ne5 18. Bg3 g5 19. h4 e6 20. hxg5 hxg5 21. Nxg5 Rfd8 22. Bxe6 Rxd1 23. Bxf7+ Qxf7 24. Nxf7 Rxf1+ 25. Qxf1 Nxf7 26. Qb5 Bxe4 27. Qxb6 c4 28.
Bb8 Bf8 29. f3 Bd5 30. Qb5 Be7 31. Bc7 Be6 32. Qc6 Rc8 33. Qxe6 Rxc7 34. f4 Bc5+ 35. Kh2 Bd6 36. g3 Re7 37. Qxc4 Re2+ 38. Qxe2 1-0

[Event "*** Titled Tuesday Blitz"]
[Site "Chess.com"]
[Date "2018.10.02"]
[Round "6"]
[White "Eliwood44"]
[Black "m3alam"]
[Result "0-1"]
[WhiteElo "2178"]
[BlackElo "2143"]
[TimeControl "180+2"]
[EndTime "14:19:45 PDT"]
[Termination "m3alam won by resignation"]

1. d4 Nf6 2. Nf3 g6 3. Nc3 Bg7 4. e4 O-O 5. h3 c5 6. d5 e6 7. a4 Qa5 8. Bd2 Qb4 9. Nb5 Qxe4+ 10. Be2 Nxd5 11. O-O Nf4 12. Bd3 Nxd3 13. cxd3 Qc6 14.
Rc1 a6 15. Nc3 d5 16. b4 cxb4 17. Nb5 Qb6 18. Be3 d4 19. Nbxd4 Qd8 20. Qb3 e5 21. Nc2 a5 22. d4 Be6 23. Qb1 Nc6 24.
dxe5 Nxe5 25. Nxe5 Bxe5 26. Rfd1 Qh4 27. Ne1 Qf6 28. Nf3 Bc3 29. Bg5 Qg7 30. Rd6 h6 31. Be3 Rfd8 32. Rb6 Rd7 33. Rd1 Rad8 34. Rxd7 Rxd7 35.
Qc1 Kh7 36. h4 Bb3 0-1

[Event "*** Titled Tuesday Blitz"]
[Site "Chess.com"]
[Date "2018.10.02"]
[Round "6"]
[White "Godzillator"]
[Black "chesstatour"]
[Result "1-0"]
[WhiteElo "2265"]
[BlackElo "2011"]
[TimeControl "180+2"]
[EndTime "14:19:51 PDT"]
[Termination "Godzillator won on time"]

1. d4 e6 2. c4 Nf6 3. Nc3 Bb4 4. Qc2 b6 5. a3 Bxc3+ 6. Qxc3 O-O 7. Bg5 h6 8. Bh4 d5 9. cxd5 exd5 10. e3 c6 11. Nf3 Bg4 12. Bd3 Qd6 13. Ne5 Bh5 14. O-O Ne4 15.
Qc2 f6 16. Bxe4 fxe5 17. Bh7+ Kh8 18. Bg3 Nd7 19. Bf5 Rae8 20. Bxd7 Qxd7 21. Bxe5 Qf5 22. Qd2 Qg5 23. f4 Qe7 24. Qf2 Bg6 25. Qg3 Kh7 26. Rf2 Be4 27. Raf1 Rf7 28. f5 Qg5 29. Qh3 Ref8 30.
f6 gxf6 31. Bf4 Qg6 32. Qe6 f5 33. Qxg6+ Kxg6 34. Rc1 Rc8 35. b4 h5 36. Rb2 Re7 37. Kf2 Rf7 38. b5 c5 39. dxc5 bxc5 40. a4 Rf6 41. a5 h4 42. b6 1-0

[Event "*** Titled Tuesday Blitz"]
[Site "Chess.com"]
[Date "2018.10.02"]
[Round "6"]
[White "MikeSailer"]
[Black "HouseOfDurin"]
[Result "1-0"]
[WhiteElo "2059"]
[BlackElo "1783"]
[TimeControl "180+2"]
[EndTime "14:19:55 PDT"]
[Termination "MikeSailer won on time"]

1. c4 c5 2. g3 Nc6 3. Bg2 g6 4. Nf3 Bg7 5. O-O e5 6. Nc3 Nge7 7. d3 O-O 8. a3 h6 9. Rb1 a5 10. Ne1 d6 11. Nc2 Be6 12. b4 axb4 13. axb4 cxb4 14. Nxb4 f5 15. Nbd5 Rb8 16. Nxe7+ Nxe7 17. Rxb7 Rxb7 18.
Bxb7 d5 19. cxd5 Nxd5 20. Nxd5 Bxd5 21. Bxd5+ Qxd5 22. Qc2 Kh7 23. Bb2 f4 24. Qc4 Qb7 25. Ba3 Rc8 26. Qe6 Rc6 27. Qe7 1-0

[Event "*** Titled Tuesday Blitz"]
[Site "Chess.com"]
[Date "2018.10.02"]
[Round "6"]
[White "RichardABates"]
[Black "GCamachoMartinez"]
[Result "0-1"]
[WhiteElo "2318"]
[BlackElo "2293"]
[TimeControl "180+2"]
[EndTime "14:20:00 PDT"]
[Termination "GCamachoMartinez won by resignation"]

1. d4 d5 2. c4 dxc4 3. e3 Nf6 4. Bxc4 e6 5. Nf3 c5 6. O-O Nc6 7. Qe2 cxd4 8. exd4 Be7 9. Rd1 O-O 10. Nc3 Na5 11. Bd3 b6 12. d5 exd5 13. Bg5 Re8 14. Bc2 Bb7 15. Qd3 g6 16. Nd4 Ne4 17. Bh6 Nxc3 18.
bxc3 Bf8 19. Qh3 Bxh6 20. Qxh6 Rc8 21. Rd3 Qf6 22. Rf3 Qg7 23. Nf5 Qxh6 24. Nxh6+ Kg7 25. Nxf7 d4 26. Nd6 Bxf3 27. gxf3 dxc3 28. Nxe8+ Rxe8 29. Rd1 Re2 30. Rd7+ Kf6 31. Be4 c2 32. Rc7 Re1+ 0-1

[Event "*** Titled Tuesday Blitz"]
[Site "Chess.com"]
[Date "2018.10.02"]
[Round "6"]
[White "mishanick"]
[Black "Ravan_02"]
[Result "1-0"]
[WhiteElo "2850"]
[BlackElo "2561"]
[TimeControl "180+2"]
[EndTime "14:20:06 PDT"]
[Termination "mishanick won on time"]

1. d4 Nf6 2. c4 c5 3. d5 e6 4. Nc3 exd5 5. cxd5 d6 6. e4 g6 7. h3 Bg7 8. Bd3 O-O 9. Nf3 b5 10. Nxb5 Nxe4 11. Bxe4 Re8 12. Ng5 Bf5 13. O-O Bxe4 14.
Nxe4 Rxe4 15. Qf3 Rb4 16. Qe2 a6 17. Re1 Bf8 18. Qe8 Nc6 19. Nxd6 Qxe8 20. Rxe8 Rxe8 21. Nxe8 Nd4 22. b3 Rb8 23. Nf6+ Kg7 24. Ng4 1-0

[Event "*** Titled Tuesday Blitz"]
[Site "Chess.com"]
[Date "2018.10.02"]
[Round "6"]
[White "pKiLz5Rn9b"]
[Black "Sanan_Sjugirov"]
[Result "0-1"]
[WhiteElo "2788"]
[BlackElo "2819"]
[TimeControl "180+2"]
[EndTime "14:20:24 PDT"]
[Termination "Sanan_Sjugirov won by resignation"]

1. Nf3 d5 2. d4 Nf6 3. Bf4 c5 4. e3 Nc6 5. Nbd2 e6 6. c3 cxd4 7. exd4 Nh5 8. Be3 Bd6 9. Ne5 g6 10. Bb5 Bd7 11. Bxc6 Bxc6 12. g4 Nf6 13. Bg5 h6 14.
Bf4 g5 15. Bg3 h5 16. h4 hxg4 17. h5 Rxh5 18. Rxh5 Nxh5 19. Qxg4 Nxg3 20. fxg3 Bxe5 21. dxe5 d4 22. cxd4 Qd5 23. Qxg5 Kd7 24. Qf4 Rh8 25. O-O-O Qxa2 26. Qxf7+ Kc8 27. Qe7 Kb8 28. Rf1 Rc8 29.
Qd6+ Ka8 30. Rf8 Qa1+ 31. Nb1 Be8+ 32. Kd2 Qxb1 33. Qxe6 Qc1+ 34. Kd3 Bb5+ 35. Ke4 Rxf8 0-1

[Event "*** Titled Tuesday Blitz"]
[Site "Chess.com"]
[Date "2018.10.02"]
[Round "6"]
[White "Saitama_Hero"]
[Black "NeverEverForever1990"]
[Result "0-1"]
[WhiteElo "2237"]
[BlackElo "2453"]
[TimeControl "180+2"]
[EndTime "14:20:27 PDT"]
[Termination "NeverEverForever1990 won on time"]

1. d4 Nf6 2. c4 e6 3. Nc3 Bb4 4. f3 O-O 5. a3 Bxc3+ 6. bxc3 Ne8 7. e4 b6 8. Bd3 Ba6 9. e5 f5 10. f4 Nc6 11. Rb1 Na5 12. Qe2 c5 13. d5 d6 14. Nf3 dxe5 15. fxe5 exd5 16. cxd5 c4 17. Bc2 Qxd5 18. O-O Nc7 19. Rd1 Qc5+ 20. Be3 Qxa3 21.
Rd7 Ne6 22. Nd4 Nxd4 23. Bxd4 Rad8 24. Rxa7 Nc6 25. Rc7 Nxd4 26. cxd4 Rxd4 27. e6 Qd6 28. Rd7 Qc5 29. Kh1 Re8 30. Rd1 Rxd1+ 31. Qxd1 Rxe6 32. Rd8+ Kf7 33. Qh5+ Rg6 0-1

[Event "*** Titled Tuesday Blitz"]
[Site "Chess.com"]
[Date "2018.10.02"]
[Round "6"]
[White "alishersuleymenov"]
[Black "Bauxi435"]
[Result "0-1"]
[WhiteElo "2477"]
[BlackElo "2437"]
[TimeControl "180+2"]
[EndTime "14:20:44 PDT"]
[Termination "Bauxi435 won by resignation"]

1. d4 Nf6 2. c4 e6 3. g3 d5 4.
Nf3 dxc4 5. Bg2 Bd7 6. Ne5 Bc6 7. Nxc6 Nxc6 8. O-O Qd7 9. e3 Rd8 10. Nc3 e5 11. d5 Nb4 12. e4 a6 13. Kh1 Bc5 14. Bg5 Nd3 15. Qc2 Ng4 16. Nd1 f6 17. f3 Ngf2+ 18.
Nxf2 Nxf2+ 19. Rxf2 Bxf2 20. Bxf6 gxf6 21. Qxf2 Qb5 22. Bh3 Ke7 23. f4 Rdf8 24. Be6 h5 25. Qd2 h4 26. g4 exf4 27. Qxf4 Qb6 28. g5 Qd6 29. gxf6+ Rxf6 30. Qg5 Qf4 31. Qg7+ Kd6 32.
e5+ Qxe5 33. Qg2 Rhf8 34. Rg1 Rf2 0-1

[Event "*** Titled Tuesday Blitz"]
[Site "Chess.com"]
[Date "2018.10.02"]
[Round "6"]
[White "Fins0905"]
[Black "woodhy"]
[Result "1-0"]
[WhiteElo "2576"]
[BlackElo "2404"]
[TimeControl "180+2"]
[EndTime "14:20:47 PDT"]
[Termination "Fins0905 won by checkmate"]

1. d4 e6 2. c4 Nf6 3. Nf3 b6 4. g3 Bb7 5. Bg2 Bb4+ 6. Bd2 a5 7. O-O O-O 8. Bf4 Ne4 9. Qc2 Bd6 10. Ng5 Bxf4 11.
Nxe4 Bh6 12. Nbc3 Nc6 13. e3 f5 14. Nd2 Nb4 15. Qb1 Bxg2 16. Kxg2 Nc6 17. f4 g6 18. a3 Bg7 19. Qd3 Qe7 20. Nf3 h6 21. Rad1 d6 22.
d5 Nd8 23. Rfe1 e5 24. e4 fxe4 25. Qxe4 Qf7 26. fxe5 Bxe5 27. Nxe5 dxe5 28. Rf1 Qg7 29. Rxf8+ Kxf8 30. Rf1+ Kg8 31. d6 c6 32. Nd5 Rb8 33.
Ne7+ Kh7 34. h4 c5 35. h5 Ne6 36. hxg6+ Kh8 37. Rf7 Ng5 38. Rxg7 Nxe4 39. Rh7# 1-0

[Event "*** Titled Tuesday Blitz"]
[Site "Chess.com"]
[Date "2018.10.02"]
[Round "6"]
[White "vovachesss"]
[Black "Alopekos"]
[Result "1-0"]
[WhiteElo "2473"]
[BlackElo "2429"]
[TimeControl "180+2"]
[EndTime "14:20:48 PDT"]
[Termination "vovachesss won by resignation"]

1. d4 Nf6 2. Nc3 d5 3. Bg5 c5 4. e4 Nxe4 5. Nxe4 dxe4 6. d5 f6 7. Be3 e6 8. Bb5+ Bd7 9. Bxd7+ Qxd7 10. dxe6 Qxe6 11. Ne2 Bd6 12. Bf4 Bxf4 13. Nxf4 Qe5 14. Qg4 f5 15. Qh5+ g6 16. Nxg6 hxg6 17. Qxg6+ Ke7 18.
O-O-O Qf6 19. Qg3 Nd7 20. Rd5 Rad8 21. Rhd1 Rhe8 22. Rd6 Qf7 23. Rg6 Rg8 24. Qd6+ Ke8 25. Re6+ Qxe6 26. Qxe6+ Kf8 27. Rxd7 Rxd7 28. Qxd7 Rxg2 29.
Qxf5+ Kg7 30. Qxe4 Rxf2 31. Qg4+ Kf7 32. Qd7+ Kg6 33. Qd6+ Rf6 34. Qxc5 1-0

[Event "*** Titled Tuesday Blitz"]
[Site "Chess.com"]
[Date "2018.10.02"]
[Round "6"]
[White "luizzy"]
[Black "saraswathii"]
[Result "0-1"]
[WhiteElo "2396"]
[BlackElo "2328"]
[TimeControl "180+2"]
[EndTime "14:20:52 PDT"]
[Termination "saraswathii won by resignation"]

1. d4 Nc6 2. Nf3 d5 3. Bf4 Bf5 4. a3 Nf6 5. Nc3 a6 6. e3 e6 7. h3 Bd6 8. Bxd6 Qxd6 9. Bd3 Bg6 10. O-O O-O 11. Ne2 e5 12. dxe5 Nxe5 13. Nxe5 Qxe5 14.
Bxg6 hxg6 15. Qd4 Qxd4 16. exd4 Rfe8 17. Rfe1 Re4 18. f3 Re3 19. Nf4 Rae8 20. Kf2 Rxe1 21.
Rxe1 Rxe1 22. Kxe1 Kf8 23. Kd2 Ke7 24. b3 Kd6 25. c4 dxc4 26. bxc4 c5 27. Kd3 Nd7 28. Ne2 cxd4 29. Kxd4 Nc5 30. g3 Ne6+ 31. Kd3 Ng5 32. f4 Nxh3 33. Ke3 Kc5 34. Kf3 g5 35. f5 f6 36. g4 Kxc4 37. Kg3 Nf4 38. Nxf4 gxf4+ 39. Kxf4 Kd4 40. g5 b5 41. Kg4 Ke4 42. gxf6 gxf6 43. Kh5 Kxf5 0-1

[Event "*** Titled Tuesday Blitz"]
[Site "Chess.com"]
[Date "2018.10.02"]
[Round "6"]
[White "KRASAVCHIK2002"]
[Black "ajkom197"]
[Result "1/2-1/2"]
[WhiteElo "2294"]
[BlackElo "2390"]
[TimeControl "180+2"]
[EndTime "14:20:53 PDT"]
[Termination "Game drawn by repetition"]

1. e4 c6 2. d4 d5 3. exd5 cxd5 4. Bd3 Nc6 5. c3 Nf6 6. Ne2 Bg4 7. f3 Bh5 8. Bf4 e6 9. Na3 Bg6 10. Nc2 Bd6 11. O-O O-O 12. Bxg6 hxg6 13. Qd2 Re8 14. Rfe1 Rc8 15. Ne3 Qc7 16. Bxd6 Qxd6 17. Rad1 a6 18. Nc1 Na5 19. Nd3 Nd7 20. Ng4 b5 21. Qf2 Nc6 22. a3 a5 23. b4 axb4 24. axb4 Ra8 25. Ra1 Nb6 26. Nc5 Na4 27. Qc2 Nb6 28. g3 Nc4 29. f4 Ne7 30. Ne5 Nf5 31. Nxc4 dxc4 32. Qe4 Rxa1 33. Rxa1 Qd5 34. Kf2 Nd6 35. Qxd5 exd5 36. Re1 Ne4+ 37. Nxe4 dxe4 38. Ra1 f5 39. Ke3 Kf7 40. h4 Rb8 41. Ra7+ Kf6 42. Ra6+ Kf7 43. d5 Rd8 44. Kd4 Re8 45. Ke3 Rd8 46. Kd4 Re8 47.
Ke3 Rd8 1/2-1/2

[Event "*** Titled Tuesday Blitz"]
[Site "Chess.com"]
[Date "2018.10.02"]
[Round "6"]
[White "hypert"]
[Black "Kawhi_Leonard2"]
[Result "0-1"]
[WhiteElo "2321"]
[BlackElo "2280"]
[TimeControl "180+2"]
[EndTime "14:20:53 PDT"]
[Termination "Kawhi_Leonard2 won by resignation"]

1. Nf3 Nf6 2. g3 e6 3. Bg2 d5 4. O-O Be7 5. c4 O-O 6. b3 c5 7. Bb2 Nc6 8. e3 b6 9. Qe2 Ba6 10. Nc3 Rc8 11. Rad1 Qd7 12. Ne1 Rfd8 13. f4 h6 14. g4 d4 15. Ne4 Nxe4 16. Bxe4 dxe3 17. Nf3 exd2 18. Rxd2 Qc7 19. g5 Rxd2 20. Qxd2 Rd8 21. Qg2 hxg5 22. Nxg5 Nd4 23. Qh3 Bxg5 24. Qh7+ Kf8 25.
fxg5 Qe5 26. Qh5 Rd7 27. Qg4 Bb7 28. Bxb7 Rxb7 29. h4 Rd7 30. Kh1 Qe2 31. Qxe2 Nxe2 32. h5 Ng3+ 33. Kg1 Nxf1 34. h6 gxh6 35. gxh6 Kg8 36. Kxf1 Rd2 37. Bg7 Rxa2 0-1

[Event "*** Titled Tuesday Blitz"]
[Site "Chess.com"]
[Date "2018.10.02"]
[Round "6"]
[White "Anton_Demchenko"]
[Black "Alexander_Moskalenko"]
[Result "0-1"]
[WhiteElo "2830"]
[BlackElo "2850"]
[TimeControl "180+2"]
[EndTime "14:20:59 PDT"]
[Termination "Alexander_Moskalenko won by resignation"]

1. d4 Nf6 2. Bf4 e6 3. e3 c5 4. Nf3 d5 5. Nbd2 Nc6 6. c3 Bd6 7. Bg3 O-O 8. Bd3 b6 9. Qe2 Bb7 10. Rd1 h6 11. Ne5 Qc7 12. f4 Ne7 13. Qf3 Nf5 14. Bf2 Be7 15. g4 Nd6 16. h4 cxd4 17.
exd4 Nfe4 18. g5 f6 19. Ng6 Rf7 20. gxh6 gxh6 21. Rg1 Rg7 22. Ke2 Qd7 23. Qh5 Kh7 24. Ne5 Qe8 25. Rxg7+ Kxg7 26. Rg1+ Kh7 27. Ng6 Qf7 28.
Qf3 Rg8 29. h5 f5 30. Ne5 Qe8 31. Rg6 Rxg6 32. Nxg6 Bf6 33. Bh4 Bxh4 34. Nxh4 Bc6 35. Ng6 Bb5 36. Nf1 Bxd3+ 37. Qxd3 Qa4 38. a3 Qb3 39. Nd2 Qxb2 40. Nf8+ Kg8 41. Nxe6 Nc4 42.
Kd1 Nf2+ 0-1

[Event "*** Titled Tuesday Blitz"]
[Site "Chess.com"]
[Date "2018.10.02"]
[Round "6"]
[White "EndgameGrinder"]
[Black "topotun"]
[Result "1-0"]
[WhiteElo "2504"]
[BlackElo "2689"]
[TimeControl "180+2"]
[EndTime "14:21:04 PDT"]
[Termination "EndgameGrinder won by resignation"]

1. e4 c5 2. Nf3 e6 3. d4 cxd4 4. Nxd4 Nc6 5. Nc3 Qc7 6. f4 a6 7. Nxc6 Qxc6 8. Bd3 b5 9. Qe2 Bb7 10. Bd2 Rc8 11. O-O-O Be7 12. a3 b4 13. axb4 Bxb4 14.
Kb1 Nf6 15. Nd5 Bxd2 16. Nxf6+ gxf6 17. Rxd2 Qb6 18. g4 Bc6 19. Rf1 a5 20. e5 a4 21.
exf6 a3 22. c3 axb2 23. Rxb2 Qa5 24. Qe5 Qa3 25. Qd4 Bd5 26. Qb4 Qxb4 27. Rxb4 O-O 28.
Kc2 Rc5 29. Kd2 Bc6 30. Rfb1 e5 31. fxe5 Rxe5 32. Rb8 Ree8 33. Rxe8 Rxe8 34. Re1 Rb8 35. Re5 h6 36. h4 Kf8 37. Rh5 Rb2+ 38. Ke3 Rg2 39. Rxh6 Rxg4 40. Rh8+ Rg8 41. Rxg8+ Kxg8 42. Kf4 Kf8 43. Ke5 1-0

[Event "*** Titled Tuesday Blitz"]
[Site "Chess.com"]
[Date "2018.10.02"]
[Round "6"]
[White "BillForster"]
[Black "Rashad_Zeynalli"]
[Result "0-1"]
[WhiteElo "1692"]
[BlackElo "2324"]
[TimeControl "180+2"]
[EndTime "14:21:04 PDT"]
[Termination "Rashad_Zeynalli won by resignation"]

1. d4 f5 2. g3 Nf6 3. Bg2 g6 4. c4 Bg7 5. Nc3 O-O 6. e4 fxe4 7.
Nxe4 Nxe4 8. Bxe4 d6 9. Bg2 Nc6 10. d5 Ne5 11. Be3 Nxc4 12. Bd4 Bh6 13. Nf3 Bg4 14.
Qd3 Nb6 15. O-O Qd7 16. Nd2 Qf5 17. Qxf5 Rxf5 18. Bxb6 axb6 19. Nc4 Bf3 20. Ne3 Rf7 21. Rac1 Bxg2 22. Kxg2 Rxa2 23. Rxc7 Bxe3 24. fxe3 Rxb2+ 25. Kg1 Rxf1+ 26. Kxf1 Kf7 27. Rxb7 b5 28. h3 h5 29.
Ke1 Kf6 30. Kd1 Rg2 31. Rxb5 Rxg3 32. h4 Rxe3 33. Kd2 Re4 34. Rb3 Rxh4 35. Rf3+ Ke5 36. Re3+ Kxd5 37. Rxe7 g5 38. Ke3 Rh3+ 39. Kf2 h4 40. Rg7 Rg3 41. Rf7 g4 42. Rf4 Rf3+ 43. Rxf3 gxf3 44. Kxf3 Kd4 45. Kg4 Ke3 46. Kxh4 d5 47.
Kg4 d4 0-1

[Event "*** Titled Tuesday Blitz"]
[Site "Chess.com"]
[Date "2018.10.02"]
[Round "6"]
[White "MatthewG-p4p"]
[Black "RiskyDecision"]
[Result "1-0"]
[WhiteElo "2657"]
[BlackElo "2389"]
[TimeControl "180+2"]
[EndTime "14:21:06 PDT"]
[Termination "MatthewG-p4p won on time"]

1. Nf3 d5 2. c4 d4 3. e3 Nc6 4. b4 dxe3 5. fxe3 Nxb4 6. d4 c5 7. d5 e6 8. a3 Na6 9. Nc3 exd5 10. cxd5 Bd6 11. e4 Bg4 12. Bb5+ Kf8 13. O-O Nc7 14.
Bd3 Ne7 15. h3 Bxf3 16. Qxf3 f6 17. Rb1 b6 18. Bb2 Ng6 19. Ne2 Qe7 20. Bc2 Ne5 21. Qf2 Nc4 22. Bc1 Qe5 23. Bf4 Qe7 24. Rb3 Bxf4 25.
Nxf4 Ne5 26. Rg3 Rd8 27. Nh5 Rg8 28. Qf5 Ng6 29. e5 Qxe5 30. Qxe5 Nxe5 31. Bxh7 Rh8 32.
Rxg7 Nxd5 33. Rxa7 Nc6 34. Rb7 Nce7 35. Nxf6 Nxf6 36.
Rxf6+ Kg7 37. Rfxb6 1-0

[Event "*** Titled Tuesday Blitz"]
[Site "Chess.com"]
[Date "2018.10.02"]
[Round "6"]
[White "b_6"]
[Black "tony15051987"]
[Result "1-0"]
[WhiteElo "2400"]
[BlackElo "2582"]
[TimeControl "180+2"]
[EndTime "14:21:12 PDT"]
[Termination "b_6 won on time"]

1. d4 d5 2. Bf4 Nf6 3. e3 e6 4. Nd2 Bd6 5. Bg3 c5 6. c3 O-O 7.
Bd3 Qc7 8. Bh4 Nbd7 9. f4 c4 10.
Bc2 b5 11. a3 a5 12. Ngf3 Bb7 13. O-O Ne4 14. Nxe4 dxe4 15. Ng5 Nf6 16. Qb1 Qc6 17.
Nh3 Ng4 18. Nf2 Nxe3 19. Bxe4 Qc7 20. Re1 Bxf4 21. Bxh7+ Kh8 22. Be4 Bxh2+ 23. Kh1 Bf4 24. Nh3 Bh6 25. Bg5 Ng4 26. Kg1 Qh2+ 27. Kf1 Bxg5 28.
Bxb7 Qh1+ 29. Ke2 Qh2 30. Nxg5 Qh5 31. Rh1 Nh2+ 32. Bf3 Qg6 33. Rxh2+ Kg8 34. Qxg6 fxg6 35. Rah1 1-0

[Event "*** Titled Tuesday Blitz"]
[Site "Chess.com"]
[Date "2018.10.02"]
[Round "6"]
[White "Supernotar"]
[Black "dmosesov"]
[Result "0-1"]
[WhiteElo "2382"]
[BlackElo "2310"]
[TimeControl "180+2"]
[EndTime "14:21:13 PDT"]
[Termination "dmosesov won by resignation"]

1. d4 Nf6 2. c4 e6 3. Nf3 a6 4.
e3 d5 5. Nc3 Be7 6. b3 O-O 7.
Bb2 c5 8. cxd5 cxd4 9. Nxd4 exd5 10. Be2 Nc6 11. O-O Nxd4 12. Qxd4 Be6 13. Bf3 Rc8 14.
Rfd1 Bc5 15. Qh4 Be7 16. Qg3 Bd6 17. Qh4 Be7 18. Qd4 Bc5 19. Qd3 Qa5 20. Nxd5 Nxd5 21. Bxd5 Rfd8 22. e4 Bf8 23. Rd2 Bxd5 24. exd5 Rc5 25.
b4 Rcxd5 26. Qxd5 Rxd5 27. bxa5 Rxd2 28. Rb1 Bc5 29. Be5 Rxf2 30. Kh1 f6 31. Bg3 Rxa2 32. h3 Rxa5 33. Rxb7 Ra1+ 34. Kh2 Bg1+ 35. Kh1 Bf2+ 36. Kh2 Bxg3+ 37. Kxg3 a5 38. Ra7 h5 39. Kh4 Ra2 40.
Kxh5 Rxg2 41. Rxa5 Kh7 42. Ra7 Rg5+ 43. Kh4 Rb5 44. Kg4 Kh6 45. Ra4 g6 46. h4 f5+ 47.
Kg3 Rb3+ 48. Kg2 Kh5 49. Rc4 Re3 50. Rc6 Re4 51. Kg3 Rg4+ 52. Kf3 Rxh4 0-1